 Dungeon Crawl Stone Soup version 0.30-a0-739-gea05faddec (webtiles) character file.

Game seed: 3401211662138866673

6 ooooo the Conjurer (level 1, -1/13 HPs)
             Began as a Demonspawn Conjurer on Feb 4, 2023.
             Slain by a quokka (3 damage)
             ... on level 1 of the Dungeon.
             The game lasted 00:01:13 (277 turns).

ooooo the Conjurer (Demonspawn Conjurer)             Turns: 277, Time: 00:01:14

Health: -1/13      AC:  2    Str:  7    XL:     1   Next: 75%
Magic:  2/3        EV: 12    Int: 19    God:
Gold:   25         SH:  0    Dex: 11    Spells: 3/4 levels left

rFire   . . .      SeeInvis .    d - +0 club
rCold   . . .      Faith    .    (no shield)
rNeg    . . .      Spirit   .    a - +0 robe
rPois   .          Reflect  .    (no helmet)
rElec   .          Harm     .    (no cloak)
rCorr   .          Rampage  .    (no gloves)
Will    .....                    (no boots)
Stlth   ++                       (no amulet)
HPRegen 0.22/turn                (no ring)
MPRegen 0.08/turn                (no ring)

@: no status effects
A: no striking features
a: no special abilities


You were on level 1 of the Dungeon.
You visited 1 branch of the dungeon, and saw 1 of its levels.

You collected 25 gold pieces.

Inventory:

Hand Weapons
 d - a +0 club (weapon)
 e - a +0 hand axe
Missiles
 c - a stone (quivered)
Armour
 a - a +0 robe (worn)
Potions
 b - a potion of magic


   Skills:
 - Level 1.7 Dodging
 - Level 1.7 Stealth
 - Level 2.0 Spellcasting
 + Level 4.3 Conjurations


You had 3 spell levels left.
You knew the following spells:

 Your Spells              Type           Power      Damage    Failure   Level
a - Magic Dart            Conj           72%        1d6       2%          1

Your spell library contained the following spells:

 Spells                   Type           Power      Damage    Failure   Level
 Searing Ray              Conj           36%        2d5       4%          2
 Dazzling Flash           Conj/Hex       20%        N/A       21%         3
 Ensorcelled Hibernation  Hex/Ice        2%         N/A       26%         2
 Passwall                 Tmut/Erth      0%         N/A       26%         2
 Swiftness                Air            1%         N/A       45%         3
 Fulminant Prism          Conj/Hex       5%         3d7       56%         4
 Iskenderun's Mystic Bla  Conj/Tloc      10%        2d4       56%         4


Dungeon Overview and Level Annotations

Branches:
Dungeon (1/15) Zot: 5722

Altars:


Message History

Aiming: Magic Dart (safe; 2% risk of failure)
Press: ? - help, Shift-Dir - straight line, f/p - quokka
Aim: a quokka (heavily wounded, 100% to hit)
The magic dart hits the quokka but does no damage.
The quokka is heavily wounded.
The quokka bites you.
You open the door.
A hobgoblin comes into view.
The hobgoblin shouts!
The quokka misses you.
Found a cloak.
A giant cockroach comes into view.
There is an open door here.
The quokka barely misses you. The quokka attacks as you move away!
The quokka misses you. The quokka barely misses you.
The quokka attacks as you move away! The quokka closely misses you.
The quokka attacks as you move away! The quokka misses you.
The quokka attacks as you move away! The quokka closely misses you.
The quokka closely misses you. The quokka attacks as you move away!
The quokka bites you. The bat hits you but does no damage.
The quokka attacks as you move away! The quokka barely misses you.
The bat closely misses you. x2
The quokka attacks as you move away! The quokka bites you.
* * * LOW HITPOINT WARNING * * *
The bat attacks as you move away! The bat barely misses you. x2
The bat hits you but does no damage. The bat attacks as you move away!
The bat hits you.
* * * LOW HITPOINT WARNING * * *
The bat barely misses you. The bat hits you but does no damage.
The bat barely misses you. The bat hits you.
* * * LOW HITPOINT WARNING * * *
The hobgoblin closely misses you. The quokka attacks as you move away!
The quokka barely misses you. The bat attacks as you move away!
The bat misses you. x2
The quokka attacks as you move away! The quokka bites you.
You die...

###w#..##.......##..##.#######.##
#.#......###...##..##.#.....##
#b##.##.####...###..#####''##..
###'##.##...........#...†.......#
......g########'###.............>
........#...........###..........
........#.......g...# #.########.
........#.......br..###.# .
.......[........@.........
.........######.##########
.......... #. #####....## #. #.
#. .. ##


You could see a quokka, a hobgoblin and a bat.

Vanquished Creatures
  An endoplasm (D:1)
  A goblin (D:1)
  A quokka (D:1)
  A ball python (D:1)
  A frilled lizard (D:1)
  A rat (D:1)
6 creatures vanquished.

Notes
Turn   | Place    | Note
-------+----------+-------------------------------------------
     0 | D:1      | ooooo the Demonspawn Conjurer began the quest for the Orb.
     0 | D:1      | Reached XP level 1. HP: 13/13 MP: 3/3
   277 | D:1      | Slain by a quokka

Illustrated notes

Levels and vault maps discovered:
D:1:      evilmike_arrival_rings, layout_basic, roderic_lattice_a

Action                     || total
---------------------------++-------
  Melee: Unarmed           ||     7
         Club              ||     1
  Throw: Stone             ||     3
   Cast: Magic Dart        ||    11
 Armour: Robe              ||     9
  Dodge: Dodged            ||    30

Table legend: (Time is in decaauts)
 A = Elapsed time spent in this place.
 B = Non-inter-level travel time spent in this place.
 C = Inter-level travel time spent in this place.
 D = Time resting spent in this place.
 E = Time spent auto-exploring this place.
 F = Levels seen in this place.
 G = Mean time per level.
                   A        B        C        D        E       F      G
               +--------+--------+--------+--------+--------+-----+--------+
         Total |    277 |    277 |      0 |     57 |    108 |   1 |  277.0 |
       Dungeon |    277 |    277 |      0 |     57 |    108 |   1 |  277.0 |
               +--------+--------+--------+--------+--------+-----+--------+

Top non-repeatable levels by time:
     D:1: 277 daAuts
